 Dungeon Crawl Stone Soup version 0.30-a0-782-ge64f9170bb (webtiles) character file.

Game seed: 2229966400529112331

43 Dirian the Covered (level 3, -5/33 HPs)
             Began as a Minotaur Fighter on Mar 16, 2023.
             Was an Initiate of Gozag.
             Slain by a gnoll
             ... wielding a +0 halberd
              (11 damage)
             ... on level 1 of the Dungeon.
             The game lasted 00:02:35 (1220 turns).

Dirian the Covered (Minotaur Fighter)               Turns: 1220, Time: 00:02:36

Health: -5/33      AC: 10    Str: 20    XL:     3   Next: 37%
Magic:  2/2        EV:  8    Int:  5    God:    Gozag
Gold:   217        SH:  8    Dex: 11    Spells: 2/2 levels left

rFire   . . .      SeeInvis .    a - +0 long sword (freeze)
rCold   . . .      Faith    .    l - +0 kite shield
rNeg    . . .      Spirit   .    b - +0 scale mail
rPois   .          Reflect  .    m - +2 hat
rElec   .          Harm     .    g - +0 cloak
rCorr   .          Rampage  .    (no gloves)
Will    .....                    (no boots) Stlth
                                 (no amulet)
HPRegen 0.25/turn                (no ring)
MPRegen 0.08/turn                (no ring)

@: mighty
A: horns 2, retaliatory headbutt
a: Renounce Religion, Potion Petition, Call Merchant, Bribe Branch


You were on level 1 of the Dungeon.
You worshipped Gozag.
Gozag was aware of your devotion.
You visited 1 branch of the dungeon, and saw 2 of its levels.

You collected 217 gold pieces.

Inventory:

Hand Weapons
 a - a +0 long sword of freezing (weapon)
Armour
 b - a +0 scale mail (worn)
 g - a +0 cloak (worn)
 l - a +0 kite shield (worn)
 m - a +2 hat (worn)
Jewellery
 j - a ring of fire
Wands
 i - a wand of roots (5)
Scrolls
 e - a scroll of silence {unknown}
 h - a scroll of fear {unknown}
 t - 3 scrolls of teleportation
Potions
 c - a potion of attraction {unknown}
 d - 2 potions of might
 f - 2 potions of heal wounds {unknown}
 k - a potion of flight {unknown}


   Skills:
 + Level 4.2 Fighting
 + Level 2.8 Long Blades
 + Level 4.2 Armour
 + Level 4.2 Shields


You had 2 spell levels left.
You didn't know any spells.
Your spell library contained the following spells:

 Spells                   Type           Power      Damage    Failure   Level
 Slow                     Hex            0%         N/A       99%         1
 Portal Projectile        Hex/Tloc       0%         N/A       100%        3
 Leda's Liquefaction      Hex/Erth       0%         N/A       100%        4
 Metabolic Englaciation   Hex/Ice        0%         N/A       100%        5


Dungeon Overview and Level Annotations

Branches:
Dungeon (2/15) Zot: 10754

Altars:
Gozag
Trog


Innate Abilities, Weirdness & Mutations

You have a pair of horns on your head.
You reflexively headbutt those who attack you in melee.


Message History

No target in view!
No target in view!
No target in view!
You now have 217 gold pieces (gained 7).
i - a wand of roots (5)
t - 3 scrolls of teleportation (gained 1)
You see here a +0 sling.
There is a stone staircase leading up here.
You open the door.
There is an open door here.
j - a ring of fire A gnoll comes into view.
It is wielding a +0 halberd.
The gnoll shouts!
The gnoll moves out of view.
A gnoll comes into view. It is wielding a +0 spear.
A gnoll is nearby!
A gnoll is nearby!
A gnoll comes into view. It is wielding a +0 halberd.
The gnoll shouts!
A gnoll comes into view. It is wielding a +0 flail.
There is an open door here.
There is a stone staircase leading up here.
You block the gnoll's attack. You block the gnoll's attack.
The gnoll hits you with a +0 halberd.
The gnoll hits you from afar with a +0 halberd.
There is a stone staircase leading up, spattered with blood here.
You barely miss the gnoll. The gnoll barely misses you.
The gnoll hits you with a +0 halberd!
The gnoll hits you from afar with a +0 halberd.
The gnoll hits you with a +0 spear.
* * * LOW HITPOINT WARNING * * *
You block the gnoll's attack.
The gnoll hits you from afar with a +0 halberd.
* * * LOW HITPOINT WARNING * * *
You climb upwards.
There is a stone staircase leading down here.
You feel very mighty all of a sudden. The gnoll hits you with a +0 halberd!
You die...
Your body crumbles into a pile of gold.

##.####.....####..
#######.....#...........
#.....##..#.#...........
#.#.......#.............
##.#.######..###.######..
#............#...# #..
##.....####.####.# ###
#......g......#.#######.
#......@g...............
#.....#######.###.######
#.....# #.#.........
#.....#######.##########
######..............#######
#.......#.....[...........#
##.######.................#
#.#......................#
##.#.#...#####............#


You could see 2 gnolls.

Vanquished Creatures
  2 adders (D:2)
  A dart slug (D:2)
  2 ball pythons (D:1)
  3 endoplasms
  A giant cockroach (D:2)
  2 goblins
  A hobgoblin (D:1)
  4 bats
  A frilled lizard (D:2)
  5 kobolds
  A rat (D:2)
23 creatures vanquished.

Notes
Turn   | Place    | Note
-------+----------+-------------------------------------------
     0 | D:1      | Dirian the Minotaur Fighter began the quest for the Orb.
     0 | D:1      | Reached XP level 1. HP: 19/19 MP: 0/0
     6 | D:1      | Noticed a salamander
     6 | D:1      | Noticed a black bear
     6 | D:1      | Noticed a rime drake
     6 | D:1      | Noticed a lindwurm
     6 | D:1      | Noticed a hound
    28 | D:1      | Found a faded altar of an unknown god.
    43 | D:1      | Prayed at the altar of an unknown god.
    43 | D:1      | Became a worshipper of Gozag Ym Sagoz the Greedy
   238 | D:1      | Reached XP level 2. HP: 26/27 MP: 1/1
   825 | D:2      | Found a bloodstained altar of Trog.
   979 | D:2      | Reached XP level 3. HP: 33/33 MP: 2/2
  1114 | D:2      | Got the Book of the Jinx and Frostbite
  1220 | D:1      | Slain by a gnoll

Illustrated notes

Levels and vault maps discovered:
D:1:      onia_arrival_zoo_common, layout_basic,
          shapermc_ecumenical_altar_starsandcircs
D:2:      layout_basic, basic_altar

Skill      XL: |  1  2 |
---------------+-------+-----
Fighting       | 4 |  4.2
Armour         | 4 |  4.2
Shields        | 4 |  4.2
Long Blades    | |  2.8

Action                     || total
---------------------------++-------
  Melee: Long sword        ||    59
         Headbutt          ||     9
    Use: Scroll            ||     4
         Potion            ||     1
   Stab: Distracted        ||     1
 Armour: Scale mail        ||    33
  Dodge: Dodged            ||    23
  Block: Buckler           ||     5
         Kite shield       ||    10

Table legend: (Time is in decaauts)
 A = Elapsed time spent in this place.
 B = Non-inter-level travel time spent in this place.
 C = Inter-level travel time spent in this place.
 D = Time resting spent in this place.
 E = Time spent auto-exploring this place.
 F = Levels seen in this place.
 G = Mean time per level.
                   A        B        C        D        E       F      G
               +--------+--------+--------+--------+--------+-----+--------+
         Total |   1244 |   1116 |    128 |      3 |    866 |   2 |  622.0 |
       Dungeon |   1244 |   1116 |    128 |      3 |    866 |   2 |  622.0 |
               +--------+--------+--------+--------+--------+-----+--------+

Top non-repeatable levels by time:
     D:1: 810 daAuts
     D:2: 433 daAuts
